 Dungeon Crawl Stone Soup version 0.21.0-3-g78d12a8 (webtiles) character file.

16467 MTVSty1e the Cleaver (level 12, -3/76 HPs)
             Began as a Gargoyle Gladiator on Jan 15, 2018.
             Slain by a six-headed hydra (4 damage)
             ... on level 11 of the Dungeon.
             The game lasted 00:20:30 (9491 turns).

MTVSty1e the Cleaver (Gargoyle Gladiator)           Turns: 9491, Time: 00:20:32

Health: -3/76      AC: 21    Str: 23    XL:     12   Next: 37%
Magic:  12/12      EV: 17    Int: 15    God:
Gold:   701        SH:  8    Dex: 16    Spells: 11/11 levels left

rFire    . . .     SeeInvis .   p - +0 flail
rCold    . . .     Gourm    .   r - +2 buckler
rNeg     + + .     Faith    .   M - +1 ring mail "Itaf" {rC- rN+ Regen+ Int+6} (curse)
rPois    ∞         Spirit   .   P - +2 hat {MR+}
rElec    +         Reflect  .   z - +0 cloak
rCorr    +         Harm     .   j - +2 pair of gloves
MR       +....                  (no boots)
Stlth    ++........             (no amulet)
HPRegen  0.62/turn              C - ring of protection from cold
MPRegen  0.13/turn              n - ring of resist corrosion

@: agile, hasted, studying Shields, very quick
A: negative energy resistance 1, electricity resistance, unbreathing,
petrification resistance, rot immunity, AC +8
a: no special abilities


You were on level 11 of the Dungeon.
You were hungry.

You visited 2 branches of the dungeon, and saw 13 of its levels.
You also visited: Sewer and Ossuary.

You collected 701 gold pieces.

Inventory:

Hand Weapons
 a - a +1 war axe
 p - a +0 flail (weapon)
 y - the +11 broad axe of Dissatisfaction {protect, Int+4 Dex+3}
   (You acquired it on level 5 of the Dungeon)

   It protects the one who uses it against injury (+AC on strike).
   It affects your intelligence (+4).
   It affects your dexterity (+3).
 L - a +2 dire flail of crushing
Missiles
 d - 4 throwing nets (quivered)
Armour
 i - a +1 helmet
 j - a +2 pair of gloves (worn)
 r - a +2 buckler (worn)
 z - a +0 cloak (worn)
 M - the cursed +1 ring mail "Itaf" (worn) {rC- rN+ Regen+ Int+6}
   (You found it on level 8 of the Dungeon)

   It affects your intelligence (+6).
   It makes you vulnerable to cold.
   It protects you from negative energy.
   It increases your rate of regeneration.
   It has a curse placed upon it.
 P - a +2 hat of magic resistance (worn)
Jewellery
 b - an uncursed ring of positive energy
 e - an uncursed ring of flight
 n - a ring of resist corrosion (right hand)
 C - a ring of protection from cold (left hand)
Wands
 s - a wand of acid (6)
 u - a wand of clouds (7)
 E - a wand of polymorph (6)
 J - a wand of iceblast (12)
 K - a wand of disintegration (10)
Scrolls
 q - 4 scrolls of remove curse
 t - 4 scrolls of enchant armour
 w - 3 scrolls of teleportation
 O - a scroll of fear
 R - a scroll of amnesia
Potions
 c - a potion of invisibility {unknown}
 g - 2 potions of magic {unknown}
 h - 2 potions of might {unknown}
 k - a potion of flight {unknown}
 m - 14 potions of curing
 o - a potion of brilliance {unknown}
 v - 2 potions of agility
 A - 3 potions of degeneration {unknown}
 B - 2 potions of mutation {unknown}
 G - 2 potions of lignification {unknown}
 H - 2 potions of berserk rage {unknown}
 I - a potion of ambrosia {unknown}
Books
 U - a manual of Shields
Comestibles
 f - 20 rations


   Skills:
 + Level 9.6 Fighting
 * Level 14.8 Axes
 - Level 1.7 Throwing
 + Level 2.2 Armour
 - Level 2.4 Dodging
 - Level 7.1 Shields


You had 11 spell levels left.
You didn't know any spells.

Dungeon Overview and Level Annotations

Branches:
Dungeon (12/15)            Temple (1/1) D:4            Lair (0/6) D:11
    Orc: D:9-12

Altars:
Ashenzari
Cheibriados
Dithmenos
Elyvilon
Fedhas
Gozag
Hepliaklqana
Kikubaaqudgha
Makhleb
Nemelex Xobeh
Okawaru
Qazlal
Ru
Sif Muna
Trog
Uskayaw
Vehumet
Wu Jian
Xom
Yredelemnul
Zin
The Shining One


Innate Abilities, Weirdness & Mutations

You are resistant to torment.
Your stone body is resilient. (AC +8)
You are immune to poison.
You resist negative energy. (rN+)
You are resistant to electric shocks. (rElec)
You can survive without breathing.
You are immune to petrification.
You are immune to rotting.


Message History

* * * LOW HITPOINT WARNING * * *
The six-headed hydra bites you but does no damage. x5
You hit the six-headed hydra.
The six-headed hydra is almost dead.
You feel agile all of a sudden.
You block the six-headed hydra's attack.
The six-headed hydra closely misses you.
The six-headed hydra barely misses you.
The six-headed hydra bites you but does no damage.
The six-headed hydra bites you!
* * * LOW HITPOINT WARNING * * *
The six-headed hydra completely misses you.
Okay, then.
You barely miss the six-headed hydra.
The six-headed hydra is almost dead.
The six-headed hydra misses you.
The six-headed hydra completely misses you.
The six-headed hydra bites you but does no damage. x2
The six-headed hydra misses you. The six-headed hydra bites you.
You die...

####### #.....## #......#
#.._...# ####### .......#
#####...=)# .......#
###zD@....###
.....>.#####>†.####.##
...........††### ##.#
......##.....#####..##
..............[......#########
......##.####......#.........#
.......#.###..[....######....#
.....#.............# #.....#
####.##.##.........## #.....#


You could see a six-headed hydra and a wight.

Vanquished Creatures
  Gastronok (D:9)
  7 two-headed ogres
  A shadow wraith (D:10)
  An ugly thing (D:11)
  Joseph (D:9)
  A troll (D:11)
  Grinder (D:4)
  2 hippogriffs
  A wraith (D:10)
  Eustachio (D:5)
  7 yaks
  A vampire (D:10)
  Edmund (D:4)
  2 acid dragons
  Duvessa (D:7)
  4 ice beasts
  3 sky beasts
  3 phantoms
  5 orc warriors
  6 ogres
  A necrophage (D:11)
  7 centaurs
  4 big kobolds
  5 bullfrogs
  A gnoll sergeant (D:6)
  Dowan (D:7)
  2 scorpions (D:9)
  A wyvern skeleton (D:7)
  11 killer bees
  16 wights
  4 centaur zombies
  3 crimson imps
  A quasit (D:6)
  2 bullfrog zombies
  7 hounds
  4 jellies
  7 orc priests
  Crazy Yiuf (D:3)
  A centaur skeleton (D:7)
  Jessica (D:3)
  2 bullfrog skeletons (D:10)
  Terence (D:2)
  10 orc wizards
  Natasha (thrice) (D:3 D:6)
  8 worker ants
  A killer bee zombie (D:8)
  2 big kobold zombies (Ossuary)
  6 mummies (Ossuary)
  3 worker ant zombies
  Robin (D:3)
  3 howler monkey zombies
  6 gnolls
  13 adders
  A shadow imp (D:6)
  3 oozes
  An adder zombie (D:5)
  2 worms (D:2)
  A dart slug (D:4)
  5 leopard geckos
  32 orcs
  9 bats
  10 giant cockroaches
  16 goblins
  13 hobgoblins
  8 jackals
  5 quokkas
  A ball python (Sewer)
  4 frilled lizards
  5 hobgoblin zombies (Ossuary)
  21 kobolds
  2 quokka zombies
  10 rats
338 creatures vanquished.

Vanquished Creatures (others)
  A wyvern skeleton (D:9)
1 creature vanquished.

Grand Total: 339 creatures vanquished

Notes
Turn   | Place    | Note
-------+----------+-------------------------------------------
     0 | D:1      | MTVSty1e the Gargoyle Gladiator began the quest for the Orb.
     0 | D:1      | Reached XP level 1. HP: 12/12 MP: 1/1
    89 | D:1      | Reached skill level 3 in Axes
   456 | D:1      | Reached XP level 2. HP: 17/17 MP: 2/2
   909 | D:2      | Reached XP level 3. HP: 21/21 MP: 3/3
   997 | D:2      | Reached skill level 4 in Axes
  1020 | D:2      | Reached XP level 4. HP: 21/26 MP: 4/4
  1190 | D:2      | Noticed Terence
  1197 | D:2      | Killed Terence
  1302 | D:2      | Reached skill level 5 in Axes
  1319 | D:2      | Reached XP level 5. HP: 28/30 MP: 5/5
  1584 | D:3      | Found a glowing drain.
  1615 | Sewer    | Entered a sewer
  1752 | Sewer    | Noticed a big kobold
  1752 | Sewer    | Noticed a big kobold
  1753 | Sewer    | Noticed a big kobold
  1765 | Sewer    | Killed a big kobold
  1765 | Sewer    | Reached XP level 6. HP: 33/35 MP: 6/6
  1775 | Sewer    | Reached skill level 6 in Axes
  2102 | D:3      | Noticed Robin
  2105 | D:3      | Noticed Natasha
  2139 | D:3      | Killed Natasha
  2141 | D:3      | Killed Robin
  2266 | D:3      | Noticed Jessica
  2273 | D:3      | Killed Jessica
  2273 | D:3      | Reached skill level 7 in Axes
  2273 | D:3      | Reached XP level 7. HP: 40/40 MP: 7/7
  2329 | D:3      | Found a runed door.
  2773 | D:3      | Noticed Crazy Yiuf
  2783 | D:3      | Killed Crazy Yiuf
  2848 | D:4      | Noticed Edmund
  2869 | D:4      | Killed Edmund
  2869 | D:4      | Reached skill level 1 in Shields
  2933 | D:4      | Found a shadowy altar of Dithmenos.
  3032 | D:4      | Noticed Grinder
  3039 | D:4      | Paralysed by Grinder for 3 turns
  3044 | D:4      | Paralysed by Grinder for 4 turns
  3072 | D:4      | Paralysed by Grinder for 5 turns
  3079 | D:4      | Paralysed by Grinder for 2 turns
  3081 | D:4      | Killed Grinder
  3081 | D:4      | Reached skill level 8 in Axes
  3197 | D:4      | Found a basalt altar of Yredelemnul.
  3245 | D:4      | Reached XP level 8. HP: 44/44 MP: 8/8
  3569 | D:4      | Found a staircase to the Ecumenical Temple.
  3733 | Temple   | Entered the Ecumenical Temple
  3873 | D:5      | Entered Level 5 of the Dungeon
  4215 | D:5      | Reached skill level 9 in Axes
  4220 | D:5      | Found a bloodstained altar of Trog.
  4360 | D:5      | Noticed Eustachio
  4390 | D:5      | Killed Eustachio
  4509 | D:5      | Identified a scroll of acquirement
  4512 | D:5      | Got a bloodstained broad axe
  4513 | D:5      | Identified the +11 broad axe of Dissatisfaction {protect, Int+4 Dex+3} (You acquired it on level 5 of the Dungeon)
  4585 | D:6      | Reached skill level 5 in Shields
  4666 | D:6      | Reached XP level 9. HP: 43/48 MP: 9/9
  4720 | D:6      | Noticed Natasha
  4726 | D:6      | Killed Natasha
  4746 | D:6      | Reached skill level 10 in Axes
  4750 | D:6      | Noticed Natasha
  4760 | D:6      | Killed Natasha
  5237 | D:7      | Noticed Duvessa
  5241 | D:7      | Noticed Dowan
  5244 | D:7      | Killed Duvessa
  5250 | D:7      | Killed Dowan
  5526 | D:7      | Found a sand-covered staircase.
  5625 | Ossuary  | Entered an ossuary
  5632 | Ossuary  | Reached skill level 11 in Axes
  5830 | D:7      | Reached XP level 10. HP: 47/55 MP: 10/10
  6174 | D:8      | Got a transparent ring mail
  6185 | D:8      | Identified the cursed +1 ring mail "Itaf" {rC- rN+ Regen+ Int+6} (You found it on level 8 of the Dungeon)
  6570 | D:9      | Noticed a two-headed ogre
  6579 | D:9      | Noticed a two-headed ogre
  6582 | D:9      | Killed a two-headed ogre
  6582 | D:9      | Reached skill level 12 in Axes
  6589 | D:9      | Killed a two-headed ogre
  6589 | D:9      | Reached skill level 5 in Fighting
  6860 | D:9      | Found a hazy altar of Hepliaklqana.
  6860 | D:9      | Found a snail-covered altar of Cheibriados.
  6864 | D:9      | Found a blossoming altar of Fedhas.
  6864 | D:9      | Found a shimmering altar of Xom.
  6864 | D:9      | Found a hide-covered altar of Uskayaw.
  6968 | D:9      | Noticed Gastronok
  6980 | D:9      | Killed Gastronok
  6980 | D:9      | Reached skill level 13 in Axes
  6980 | D:9      | Reached XP level 11. HP: 18/66 MP: 11/11
  7140 | D:9      | Noticed Joseph
  7151 | D:9      | Killed Joseph
  7522 | D:10     | Entered Level 10 of the Dungeon
  7532 | D:10     | Noticed a two-headed ogre
  7544 | D:10     | Killed a two-headed ogre
  7794 | D:10     | Noticed a two-headed ogre
  7796 | D:10     | Noticed a two-headed ogre
  7815 | D:10     | Killed a two-headed ogre
  7826 | D:10     | Killed a two-headed ogre
  7894 | D:10     | Killed a shadow wraith
  7948 | D:10     | Noticed a two-headed ogre
  7955 | D:10     | Killed a two-headed ogre
  7955 | D:10     | Reached skill level 14 in Axes
  8228 | D:10     | Noticed a two-headed ogre
  8236 | D:10     | Killed a two-headed ogre
  8375 | D:10     | Reached XP level 12. HP: 67/75 MP: 12/12
  8738 | D:11     | Found a staircase to the Lair.
  8945 | D:11     | Reached skill level 1 in Armour
  8946 | D:11     | Found a sparkling altar of Nemelex Xobeh.
  9403 | D:12     | Noticed a six-headed hydra
  9490 | D:11     | HP: 1/76 [six-headed hydra (11)]
  9491 | D:11     | Slain by a six-headed hydra

Skill      XL: |  1  2  3  4  5  6  7  8  9 10 11 12 |
---------------+-------------------------------------+-----
Axes           | 3 4 5 7 8 9 11 13 14 | 14.8
Shields        | 2 5 7 |  7.1
Fighting       | 6 8 9 |  9.6
Armour         | 2 |  2.2
Throwing       | |  1.7
Dodging        | |  2.4

Action                   |  1- 3 |  4- 6 |  7- 9 | 10-12 || total
-------------------------+-------+-------+-------+-------++-------
Melee: War axe           |    76 |   219 |   196 |       ||   491
       Broad axe         |       |       |   169 |   331 ||   500
       Flail             |       |       |       |    19 ||    19
  Use: Potion            |       |     1 |     1 |     7 ||     9
       Scroll            |       |     6 |     9 |     7 ||    22
  Eat: Chunk             |       |     5 |     7 |     6 ||    18
       Ration            |       |       |     2 |     1 ||     3
Armor: Leather armour    |    39 |    13 |       |       ||    52
       Chain mail        |       |   153 |   233 |    15 ||   401
       Skin              |       |    11 |       |       ||    11
       Ring mail         |       |       |       |   174 ||   174
Dodge: Dodged            |    54 |   109 |   125 |   176 ||   464
Block: Buckler           |       |       |   128 |   149 ||   277
